 Dungeon Crawl Stone Soup version 0.27-a0-1557-g57f10a385c (webtiles) character file.

Game seed: 4162418686787923450

53 Sin92 the Skirmisher (level 3, -1/29 HPs)
             Began as a Demonspawn Fighter on July 15, 2021.
             Slain by a goblin (3 damage)
             ... led by Robin
             ... on level 2 of the Dungeon.
             The game lasted 00:00:50 (1399 turns).

Sin92 the Skirmisher (Demonspawn Fighter)           Turns: 1399, Time: 00:00:50

Health: -1/29      AC:  8    Str: 17    XL:     3   Next: 64%
Magic:  3/3        EV:  7    Int:  9    God:
Gold:   117        SH:  9    Dex: 12    Spells: 2/2 levels left

rFire    . . .     SeeInvis .   a - +0 war axe
rCold    . . .     Faith    .   c - +0 kite shield
rNeg     . . .     Spirit   .   b - +0 scale mail
rPois    .         Reflect  .   (no helmet)
rElec    .         Harm     .   (no cloak)
rCorr    .         Rampage  .   (no gloves)
Will     .....                  (no boots)
Stlth    ..........             (no amulet)
HPRegen  0.09/turn              (no ring)
MPRegen  0.08/turn              (no ring)

@: mighty
A: hooves 1, slimy green scales 1
a: no special abilities


You were on level 2 of the Dungeon.
You visited 1 branch of the dungeon, and saw 2 of its levels.

You collected 117 gold pieces.

Inventory:

Hand Weapons
 a - a +0 war axe (weapon)
Armour
 b - a +0 scale mail (worn)
 c - a +0 kite shield (worn)
Scrolls
 f - a scroll of amnesia {unknown}
 g - a scroll of magic mapping {unknown}
 h - a scroll of noise {unknown}
Potions
 e - a potion of lignification {unknown}
 i - a potion of brilliance {unknown}


   Skills:
 + Level 3.3 Fighting
 + Level 2.2 Axes
 + Level 3.0 Armour
 + Level 1.1 Dodging
 + Level 3.0 Shields


You had 2 spell levels left.
You didn't know any spells.
Your spell library was empty.

Dungeon Overview and Level Annotations

Branches:
Dungeon (2/15)

Altars:

Annotations:
D:2 Robin


Innate Abilities, Weirdness & Mutations

You have large cloven feet.
You are partially covered in slimy green scales. (AC +2)


Message History

You barely miss the hobgoblin. Your kick misses the hobgoblin.
The hobgoblin is almost dead.
The hobgoblin hits you.
A goblin comes into view. It is wielding a +0 dagger.
The hobgoblin barely misses you.
Unknown command.
You slash the hobgoblin!
You kill the hobgoblin!
Robin roars a battlecry!
You hear a shout! x2
You barely miss Robin. Robin hits you but does no damage.
A goblin comes into view. It is wielding a +0 club.
Robin hits you with a +0 club.
You closely miss Robin. You kick Robin, but do no damage.
A kobold comes into view. It is wielding a +0 club.
You block Robin's attack.
A hobgoblin comes into view.
Unknown command.
You closely miss Robin. Robin throws the goblin at you!
The goblin hits you but does no damage.
You closely miss Robin. You slash the goblin!
You kill the goblin!
Robin throws the goblin at you! The goblin hits you with a +0 club.
* * * LOW HITPOINT WARNING * * *
Robin roars a battlecry!
Unknown command.
You hit Robin but do no damage. You closely miss the goblin.
The goblin barely misses you. You block Robin's attack.
The goblin hits you but does no damage.
You barely miss Robin. You kick Robin.
Robin is moderately wounded.
You barely miss the goblin. Robin hits you but does no damage.
The goblin hits you but does no damage. Robin hits you with a +0 club.
* * * LOW HITPOINT WARNING * * *
A hobgoblin comes into view.
The goblin hits you but does no damage.
You feel very mighty all of a sudden.
The goblin no longer looks unusually strong.
Robin hits you but does no damage. The goblin hits you with a +0 club.
You die...

#.# #.# #.#
#.### #
##.###...##.#
......)#g.$.#
#Kg)# #g### #@#
#[###g##
#......#
#####..########
#........)(
##.######## #.#
#.# #.#


You could see Robin, 2 hobgoblins, a goblin and a kobold.

Vanquished Creatures
  A worm (D:2)
  A dart slug (D:2)
  A bat (D:2)
  4 endoplasms
  A giant cockroach (D:1)
  8 goblins
  7 hobgoblins
  4 jackals (D:1)
  A quokka (D:1)
  5 ball pythons
  4 frilled lizards
  2 kobolds (D:1)
  5 rats (D:1)
44 creatures vanquished.

Notes
Turn   | Place    | Note
-------+----------+-------------------------------------------
     0 | D:1      | Sin92 the Demonspawn Fighter began the quest for the Orb.
     0 | D:1      | Reached XP level 1. HP: 18/18 MP: 1/1
   186 | D:1      | Gained mutation: You are partially covered in slimy green
                  | scales. (AC +2) [demonic ancestry]
   186 | D:1      | Reached XP level 2. HP: 21/24 MP: 2/2
   407 | D:1      | Found a faded altar of an unknown god.
   777 | D:1      | Gained mutation: You have large cloven feet. [demonic
                  | ancestry]
   777 | D:1      | Reached XP level 3. HP: 23/29 MP: 3/3
   942 | D:2      | Reached skill level 1 in Dodging
  1377 | D:2      | Noticed Robin
  1399 | D:2      | Slain by a goblin

Illustrated notes

Levels and vault maps discovered:
D:1:      amcnicky_arrival_single_pillar, layout_basic,
          dreamdust_ecumenical_altar_angels_and_demons
D:2:      layout_loops_ring, serial_shops, nicolae_diamond_shop, uniq_robin,
          uniq_terence

Skill      XL: |  1  2  3 |
---------------+----------+-----
Axes           | 2 |  2.2
Shields        | 3 |  3.0
Armour         | 3 |  3.0
Dodging        | 1 |  1.1
Fighting       | |  3.3

Action                   || total
-------------------------++-------
Melee: War axe           ||   112
       Kick              ||    12
  Use: Potion            ||     1
Armor: Scale mail        ||    76
Dodge: Dodged            ||    50
Block: Kite shield       ||    54

Table legend: (Time is in decaauts)
 A = Elapsed time spent in this place.
 B = Non-inter-level travel time spent in this place.
 C = Inter-level travel time spent in this place.
 D = Time resting spent in this place.
 E = Time spent auto-exploring this place.
 F = Levels seen in this place.
 G = Mean time per level.
                   A        B        C        D        E       F      G
               +--------+--------+--------+--------+--------+-----+--------+
         Total |   1471 |   1448 |     23 |      0 |   1172 |   2 |  735.5 |
       Dungeon |   1471 |   1448 |     23 |      0 |   1172 |   2 |  735.5 |
               +--------+--------+--------+--------+--------+-----+--------+

Top non-repeatable levels by time:
     D:1: 972 daAuts
     D:2: 498 daAuts
